 Dungeon Crawl Stone Soup version 0.29-a0-909-g30c7767f5c (webtiles) character file.

Game seed: 12909509919886988741

534 solenodon19 the Magician (level 7, -4/41 HPs)
             Began as a Human Necromancer on July 25, 2022.
             Was a Believer of Hepliaklqana.
             Slain by night's ghost (15 damage)
             ... on level 4 of the Dungeon.
             The game lasted 00:50:49 (5555 turns).

solenodon19 the Magician (Human Necromancer)        Turns: 5555, Time: 00:50:49

Health: -4/41      AC:  8    Str:  8    XL:     7   Next: 50%
Magic:  7/16       EV: 12    Int: 18    God:    Hepliaklqana [**....]
Gold:   113        SH:  0    Dex: 13    Spells: 13/18 levels left

rFire   x . .      SeeInvis +   y - +3 dagger
rCold   . . .      Faith    .   (no shield)
rNeg    . . .      Spirit   .   a - +0 robe
rPois   +          Reflect  .   i - +0 helmet
rElec   .          Harm     .   C - +0 cloak
rCorr   .          Rampage  +   (no gloves)
Will    +++..                   K - +3 pair of boots "Ytrak" {Rampage rF- Will+++ Regen+}
Stlth   ++........              (no amulet)
HPRegen 0.93/turn               e - ring of see invisible
MPRegen 0.15/turn               F - ring of poison resistance

@: no status effects
A: reduced essence
a: Renounce Religion, Ancestor Life: Knight, Ancestor Life: Battlemage, Ancestor
Life: Hexer, Recall Ancestor, Ancestor Identity


You were on level 4 of the Dungeon.
You worshipped Hepliaklqana.
Hepliaklqana was pleased with you.
You visited 1 branch of the dungeon, and saw 4 of its levels.
You also visited: Sewer.

You collected 113 gold pieces.

Inventory:

Hand Weapons
 c - a +0 whip
 h - a +0 rapier
 j - a +0 quarterstaff
 l - a +0 dagger
 n - a +0 long sword
 o - a +0 dagger
 q - a +0 hand axe
 w - a +0 club
 x - a +0 war axe
 y - a +3 dagger (weapon)
 z - a +0 dagger
Missiles
 f - 8 poisoned darts
 p - 13 stones
Armour
 a - a +0 robe (worn)
 g - a +0 leather armour
 i - a +0 helmet (worn)
 k - a +0 ring mail
 t - a +0 leather armour
 A - a +0 ring mail
 C - a +0 cloak (worn)
 E - a +0 chain mail
 H - a +0 scale mail
 I - a +0 pair of boots
 K - the +3 pair of boots "Ytrak" (worn) {Rampage rF- Will+++ Regen+}
   (You found it on level 3 of the Dungeon)

   rF:        It makes you vulnerable to fire.
   Regen:     It increases your rate of health regeneration.
   Rampage:   It bestows one free step when moving towards enemies.
   Will:      It greatly increases your willpower.
Magical Staves
 d - a staff of earth
Jewellery
 e - a ring of see invisible (left hand)
 F - a ring of poison resistance (right hand)
 M - a +6 ring of intelligence
Scrolls
 s - a scroll of enchant armour
 B - a scroll of identify
 J - a scroll of fear
 O - a scroll of blinking
Potions
 b - 2 potions of magic
 m - 2 potions of heal wounds
 r - 2 potions of lignification {unknown}
 u - a potion of haste {unknown}
 v - a potion of berserk rage {unknown}
 D - 3 potions of flight
 G - 2 potions of degeneration {unknown}
 L - 2 potions of mutation {unknown}
 N - a potion of curing
 P - a potion of brilliance {unknown}


   Skills:
 - Level 0.1 Fighting
 + Level 1.0 Armour
 + Level 2.6 Dodging
 + Level 2.5 Stealth
 * Level 6.1 Spellcasting
 - Level 4.7 Necromancy


You had 13 spell levels left.
You knew the following spells:

 Your Spells              Type           Power      Damage    Failure   Level
a - Necrotise             Necr           88%        1d8       1%          1
b - Leda's Liquefaction   Hex/Erth       2%         N/A       75%         4

Your spell library contained the following spells:

 Spells                   Type           Power      Damage    Failure   Level
 Vampiric Draining        Necr           22%        2d7       4%          3
 Shock                    Conj/Air       20%        1d4       12%         1
 Sting                    Tmut/Pois      20%        1d4       12%         1
 Animate Dead             Necr           22%        N/A       17%         4
 Call Canine Familiar     Summ           5%         N/A       34%         3
 Ignite Poison            Fire/Tmut/Pois 5%         N/A       34%         3
 Portal Projectile        Hex/Tloc       10%        N/A       34%         3
 Agony                    Necr           22%        N/A       43%         5
 Maxwell's Capacitive Co  Air            2%         ∞         100%        8


Dungeon Overview and Level Annotations

Branches:
Dungeon (4/15)              Sewer (visited)
 Temple: D:4-7

Altars:
Hepliaklqana
Wu Jian

Annotations:
D:4 night's ghost, amateur DrVM


Message History

A ball python comes into view.
Your black bear skeleton bites the ogre.
Your black bear skeleton claws the ogre. x2
Night's ghost hits you but does no damage.
Night's ghost attacks as you move away!
Night's ghost hits you but does no damage.
The ogre attacks as you move away! The ogre misses you.
Aiming: Necrotise (safe; 1% risk of failure)
Press: ? - help, Q - select action, (/) - cycle Shift-Dir - straight line, f - ogre
Aim: an ogre, wielding a +0 giant club (moderately wounded, ally target, chance to affect: 81%)
The ogre barely resists.
Night's ghost hits you but does no damage.
The ogre barely misses you.
Aiming: Necrotise (safe; 1% risk of failure)
Press: ? - help, Q - select action, (/) - cycle Shift-Dir - straight line, f - ball python, p - ogre
Aim: a ball python (chance to affect: 91%)
The ball python writhes in agony.
The ball python misses you. The ball python grabs you.
The ball python constricts you. Night's ghost hits you.
You are electrocuted!
* * * LOW HITPOINT WARNING * * *
The ball python's grasp on you weakens, but your attempt to escape fails.
The ball python bites you but does no damage.
The ball python constricts you.
Your black bear skeleton barely misses the ogre.
Your black bear skeleton claws the ogre. x2
The ogre hits your black bear skeleton with a +0 giant club!!
Night's ghost hits you but does no damage.
As you read the scroll of fear, it crumbles to dust.
You assume a fearsome visage.
Night's ghost is unaffected.
The ogre looks frightened!
The ball python looks frightened!
The ball python loses its grip on you.
Night's ghost hits you but does no damage.
Your black bear skeleton bites the ogre but does no damage.
Your black bear skeleton barely misses the ogre.
Your black bear skeleton claws the ogre.
The ogre hits your black bear skeleton with a +0 giant club!
Night's ghost attacks as you move away! Night's ghost hits you.
* * * LOW HITPOINT WARNING * * *
You are electrocuted!
You die...

... #.........#.......#...# ...
#.........#.......#...# #
...#####......###)''###...# #. #
.........##...............# #.##
.........##...............# #.##
.........##.............######..#
.........##.....Z..#.#..)....<#.#
........#####..WO..#.##...##.....
...##'###...##..@....##...##.##..
... #.##.....###.....##...##.....
.. #.#.......##S....##....†.##.#
. #....._...##.............+..# .
###.......##.....#.......#..#
##.....###.....#.###...#...
##...## #####.#. ###.#... #####
.#. #.#.#. #. #.#.##


You could see an ogre (fleeing, ally target), night's ghost, a ball python
(fleeing) and a friendly black bear skeleton.

Vanquished Creatures
  Grinder (D:3)
  A black bear (D:4)
  A kobold brigand (Sewer)
  4 adders
  A river rat (Sewer)
  A worm (D:4)
  3 dart slugs
  3 bats
  3 endoplasms
  2 giant cockroaches
  8 goblins
  7 hobgoblins
  7 jackals
  3 kobolds
  3 quokkas
  10 ball pythons
  A frilled lizard (D:1)
  7 rats
66 creatures vanquished.

Vanquished Creatures (collateral kills)
  A scorpion (D:4)
  An adder (D:4)
  A worm (D:4)
  A goblin (D:4)
  A hobgoblin (D:3)
  3 kobolds
  A ball python (D:2)
  A frilled lizard (D:1)
10 creatures vanquished.

Vanquished Creatures (others)
  An ancestor (D:4)
  6 fungi (D:3)
  6 plants
13 creatures vanquished.

Grand Total: 89 creatures vanquished

Notes
Turn   | Place    | Note
-------+----------+-------------------------------------------
     0 | D:1      | solenodon19 the Human Necromancer began the quest for the
                  | Orb.
     0 | D:1      | Reached XP level 1. HP: 13/13 MP: 3/3
   887 | D:1      | Reached XP level 2. HP: 19/19 MP: 0/5
  1936 | D:2      | Reached XP level 3. HP: 22/24 MP: 1/6
  3116 | D:2      | Reached XP level 4. HP: 27/30 MP: 6/8
  3578 | D:2      | Reached skill level 3 in Spellcasting
  3800 | D:3      | Identified the +3 pair of boots "Ytrak" {Rampage rF-
                  | Will+++ Regen+}
  3899 | D:3      | Reached skill level 1 in Armour
  3994 | D:3      | Noticed Grinder
  4712 | D:3      | Identified a scroll of acquirement
  4713 | D:3      | Acquired the Grimoire of the Salmon
  4747 | D:3      | Learned a level 4 spell: Leda's Liquefaction
  4827 | D:3      | Killed Grinder
  4828 | D:3      | Reached skill level 4 in Spellcasting
  4828 | D:3      | Reached XP level 5. HP: 32/35 MP: 8/12
  4828 | D:3      | Reached XP level 6. HP: 37/41 MP: 8/13
  4867 | D:3      | Found a faded altar of an unknown god.
  4875 | D:3      | Got Plato's Parchment of Filth
  4880 | D:3      | Prayed at the altar of an unknown god.
  4880 | D:3      | Became a worshipper of Hepliaklqana the Forgotten
  4880 | D:3      | Reached * piety under Hepliaklqana
  5092 | D:4      | Found a runed translucent gate.
  5092 | D:4      | Found a runed translucent gate.
  5093 | D:4      | Found a runed translucent gate.
  5093 | D:4      | Noticed an ogre
  5095 | D:4      | Noticed night's ghost (amateur DrVM)
  5096 | D:4      | Noticed a black bear
  5156 | D:4      | Reached skill level 5 in Spellcasting
  5203 | D:4      | Found a glowing drain.
  5233 | Sewer    | Entered a sewer
  5316 | Sewer    | Reached XP level 7. HP: 34/41 MP: 0/15
  5339 | Sewer    | Found a white marble altar of Elyvilon.
  5458 | D:4      | Reached ** piety under Hepliaklqana
  5502 | D:4      | Found an ornate altar of the Wu Jian Council.
  5547 | D:4      | Reached skill level 6 in Spellcasting
  5555 | D:4      | Slain by night's ghost

Illustrated notes

Levels and vault maps discovered:
D:1:      roderic_crop_circles_arrival_small, layout_basic,
          nicolae_figureground_sparkle
D:2:      layout_loops_corners, serial_rivers, chequers_serial_rivers_micro_b,
          chequers_serial_rivers_small_b, chequers_serial_rivers_room_a,
          chequers_serial_rivers_micro_b, chequers_serial_rivers_micro_e,
          chequers_serial_rivers_marsh, hangedman_abyss_or_decor_stabs
D:3:      layout_rooms, shapermc_ecumenical_altar_rom_forum,
          uniq_crazy_yiuf_cottage, uniq_grinder
D:4:      layout_basic, grunt_dithmenos_smoke_and_mirrors,
          fedhas_altar_decomposition, lemuel_round_altar, gammafunk_ghost_split,
          cheibrodos_sewer_entry_bend

Skill      XL: |  1  2  3  4  5  6  7 |
---------------+----------------------+-----
Spellcasting   | 4 5 6 |  6.1
Armour         | 1 |  1.0
Fighting       | |  0.1
Dodging        | |  2.6
Stealth        | |  2.5
Necromancy     | |  4.7

Action                   |  1- 3 |  4- 6 |  7- 9 || total
-------------------------+-------+-------+-------++-------
Melee: Unarmed           |    19 |       |       ||    19
       Staff             |     1 |     3 |       ||     4
       Dagger            |     1 |    27 |       ||    28
Throw: Dart              |       |     3 |       ||     3
 Cast: Necrotise         |    41 |    87 |    20 ||   148
  Use: Scroll            |     2 |    10 |     1 ||    13
Armor: Robe              |     4 |    15 |    15 ||    34
       Chain mail        |    11 |       |       ||    11
       Ring mail         |     1 |       |       ||     1
Dodge: Dodged            |    11 |    34 |     9 ||    54

Table legend: (Time is in decaauts)
 A = Elapsed time spent in this place.
 B = Non-inter-level travel time spent in this place.
 C = Inter-level travel time spent in this place.
 D = Time resting spent in this place.
 E = Time spent auto-exploring this place.
 F = Levels seen in this place.
 G = Mean time per level.
                   A        B        C        D        E       F      G
               +--------+--------+--------+--------+--------+-----+--------+
         Total |   5594 |   2135 |   3459 |   1217 |      0 |   5 | 1118.8 |
       Dungeon |   5424 |   1965 |   3459 |   1217 |      0 |   4 | 1356.0 |
         Sewer |    169 |    169 |      0 |      0 |      0 |   1 |  169.0 |
               +--------+--------+--------+--------+--------+-----+--------+

Top non-repeatable levels by time:
     D:1: 1930 daAuts
     D:2: 1766 daAuts
     D:3: 1321 daAuts
     D:4: 406 daAuts
   Sewer: 169 daAuts
